 Dungeon Crawl Stone Soup version 0.31.0-9-g3a7656b989 (webtiles) character file.

Game seed: 589425497287930927

91 qw the Shooter (level 4, -2/25 HPs)
             Began as a Deep Elf Hunter on Feb 2, 2024.
             Frozen to death by an endoplasm (5 damage)
             ... on level 3 of the Dungeon.
             The game lasted 00:00:05 (1395 turns).

qw the Shooter (Deep Elf Hunter)                    Turns: 1395, Time: 00:00:06

Health: -2/25      AC: 11    Str: 10    XL:     4   Next: 34%
Magic:  6/6        EV: 11    Int: 14    God:
Gold:   64         SH:  0    Dex: 18    Spells: 3/3 levels left

rFire   . . .        a - +1 shortbow (heavy)
rCold   . . .        (shield currently unavailable)
rNeg    . . .        f - +0 ring mail
rPois   .            (no helmet)
rElec   .            (no cloak)
rCorr   .            l - +1 pair of gloves
SInv    .            (no boots)
Will    .....        (no amulet)
Stlth   +            d - +4 ring of protection
HPRegen 0.24/turn    (no ring)
MPRegen 0.10/turn

%: no passive effects
@: hasted, very quick
A: no striking features
a: no special abilities


You were on level 3 of the Dungeon.
You visited 1 branch of the dungeon, and saw 3 of its levels.

You collected 145 gold pieces.
You spent 81 gold pieces at shops.


   Skills:
 - Level 1.5 Fighting
 + Level 7.8 Ranged Weapons
 - Level 2.4 Dodging
 - Level 1.2 Stealth


You had 3 spell levels left.
You didn't know any spells.
Your spell library was empty.

Inventory:

Hand Weapons
 a - a +1 heavy shortbow (weapon)
Armour
 f - a +0 ring mail (worn)
 l - a +1 pair of gloves (worn)
Jewellery
 d - a +4 ring of protection (left hand)
 h - a ring of ice
Potions
 c - a potion of enlightenment
 e - a potion of resistance {unknown}
 i - a potion of cancellation {unknown}
 j - a potion of haste
 m - a potion of might
 n - a potion of lignification {unknown}
 o - a potion of curing {unknown}
 p - a potion of heal wounds {unknown}

Dungeon Overview and Level Annotations

Branches:
Dungeon (3/15)

Altars:

Shops:
D:1 *[(

Annotations:
D:3 Grinder


Message History

Grinder gestures at you.
You barely resist.
A phantom comes into view.
A jackal comes into view.
The endoplasm moves out of view.
1391 ||| DRINKING 2 potions of haste.
You feel yourself speed up. The bat barely misses you.
The ball python bites you but does no damage.
The ball python grabs you. The ball python constricts you.
Grinder hits you but does no damage.
You shoot an arrow.
The arrow barely misses the ball python.
The bat hits you but does no damage.
The ball python bites you but does no damage.
The ball python constricts you.
The jackal bites you but does no damage.
Grinder blinks!
A goblin comes into view. It is wielding a +0 club.
The ball python bites you but does no damage.
The ball python constricts you.
You shoot an arrow. The arrow hits the ball python!
You kill the ball python!
The bat barely misses you. The jackal closely misses you.
The bat barely misses you. The rat bites you but does no damage.
The jackal bites you but does no damage.
You shoot an arrow. The arrow barely misses the jackal.
The bat hits you but does no damage. The bat closely misses you.
The jackal closely misses you. The rat barely misses you.
The jackal barely misses you.
The jackal bites you but does no damage.
A ribbon worm comes into view.
You shoot an arrow. The arrow hits the jackal.
The jackal is severely wounded.
The bat hits you.
The jackal bites you but does no damage.
Grinder blinks!
A bat comes into view.
The rat bites you but does no damage. The endoplasm freezes you.
You are frozen.
You die...

###. .... #
.... #. ..##.
#.. ###.....b
##...##.#...#.#
......b.h......
......J@hh....w
........r>##..#
#....#..#.#
#... #.##...
#.. #. #g. #.
#. .ยค.. ### #
.. ... ... ?#
.. ..#


You could see a ribbon worm, an endoplasm, 3 jackals, a goblin, 2 bats and a
rat.

Vanquished Creatures
  An orc wizard (D:3)
  A gnoll (D:1)
  2 dart slugs (D:2)
  3 orcs (D:3)
  12 endoplasms
  3 goblins
  6 hobgoblins
  4 jackals (D:1)
  A quokka (D:1)
  3 ball pythons
  4 bats
  A frilled lizard (D:3)
  2 kobolds (D:2)
  3 rats
46 creatures vanquished.

Notes
Turn   | Place    | Note
-------+----------+-------------------------------------------
     0 | D:1      | qw the Deep Elf Hunter began the quest for the Orb.
     0 | D:1      | Reached XP level 1. HP: 12/12 MP: 3/3
     0 | D:1      | 0 ||| qw: Version: 0.3-a-155-g5e7d8dd
     0 | D:1      | 0 ||| qw: Game counter: 2783
     0 | D:1      | 0 ||| qw: Melee chars always use a shield: true
     0 | D:1      | 0 ||| qw: God list: Okawaru
     0 | D:1      | 0 ||| qw: Allow faded altars: false
     0 | D:1      | 0 ||| qw: Do Orc after clearing Dungeon:15 true
     0 | D:1      | 0 ||| qw: Do second Lair branch before Depths: true
     0 | D:1      | 0 ||| qw: Lair rune preference: random
     0 | D:1      | 0 ||| qw: Goals: Normal
     0 | D:1      | 0 ||| PLANNING D:1-11
   121 | D:1      | Reached skill level 6 in Ranged Weapons
   121 | D:1      | Reached XP level 2. HP: 16/16 MP: 4/4
   127 | D:1      | Found Noetob's Antique Weapon Shoppe.
   138 | D:1      | 138 ||| SHOPLISTING runed sling (112 gold, have 35).
   238 | D:1      | Found Maodaos's Armour Shoppe.
   253 | D:1      | 253 ||| SHOPLISTING +0 leather armour of poison resistance
                  | (78 gold, have 74).
   253 | D:1      | 253 ||| BUYING +0 pair of gloves (58 gold).
   253 | D:1      | Bought a +0 pair of gloves for 58 gold pieces
   253 | D:1      | 253 ||| SHOPLISTING +1 ring mail of poison resistance (169
                  | gold, have 16).
   253 | D:1      | 253 ||| SHOPLISTING +3 scale mail of cold resistance (338
                  | gold, have 16).
   264 | D:1      | Reached XP level 3. HP: 20/20 MP: 5/5
   535 | D:1      | Found Nosepnoe's Assorted Antiques.
   540 | D:1      | 540 ||| SHOPLISTING curved wooden wand (104 gold, have 46).
   540 | D:1      | 540 ||| BUYING fuming grey potion (23 gold).
   540 | D:1      | Bought a fuming grey potion for 23 gold pieces
   540 | D:1      | 540 ||| SHOPLISTING runed helmet (195 gold, have 23).
   540 | D:1      | 540 ||| SHOPLISTING scroll labelled FAGHUS ADWOCKE (26
                  | gold, have 23).
   540 | D:1      | 540 ||| SHOPLISTING scroll labelled GEBBOI UXKAET (26 gold,
                  | have 23).
   540 | D:1      | 540 ||| SHOPLISTING scroll labelled VIYRUL ZOKIS (26 gold,
                  | have 23).
   667 | D:1      | 667 ||| UPGRADING to +0 ring mail.
   677 | D:1      | 677 ||| DROPPING +0 leather armour.
   678 | D:1      | 678 ||| UPGRADING to +0 pair of gloves.
   683 | D:1      | 683 ||| UPGRADING to +4 ring of protection.
   684 | D:1      | 684 ||| READING scroll labelled QAURCH NYEXKESK.
   684 | D:1      | 684 ||| IDENTIFYING grey potion
   685 | D:1      | 685 ||| READING scroll labelled RIUSCH LUERHACO.
   686 | D:1      | 686 ||| READING scroll labelled ZOCSIO HOWA.
   686 | D:1      | 686 ||| BRANDING +0 shortbow.
   687 | D:1      | 687 ||| READING scroll labelled GOOMEL FIAXO.
   687 | D:1      | 687 ||| ENCHANTING +0 pair of gloves.
   688 | D:1      | 688 ||| READING scroll labelled GEBBOI UXKAET.
   691 | D:1      | 691 ||| READING scroll labelled WUALIES BAMEP.
   692 | D:1      | 692 ||| DROPPING scroll of butterflies.
   875 | D:2      | Reached skill level 7 in Ranged Weapons
  1297 | D:2      | 1297 ||| READING scroll of identify.
  1297 | D:2      | 1297 ||| IDENTIFYING clear potion
  1298 | D:2      | 1298 ||| READING scroll labelled DAEN WAOWOED.
  1298 | D:2      | 1298 ||| ENCHANTING +0 heavy shortbow.
  1299 | D:2      | 1299 ||| DRINKING 2 fuming golden potions.
  1377 | D:3      | Reached XP level 4. HP: 25/25 MP: 6/6
  1387 | D:3      | HP: 3/25 [orc priest/+0 trident (6)]
  1388 | D:3      | 1388 ||| READING scroll of teleportation.
  1390 | D:3      | Noticed Grinder
  1390 | D:3      | Noticed a phantom
  1391 | D:3      | 1391 ||| DRINKING 2 potions of haste.
  1395 | D:3      | HP: 3/25 [bat (1)]
  1395 | D:3      | Frozen to death by an endoplasm

Levels and vault maps discovered:
D:1:      roderic_chinese_lattice_arrival, layout_loops_ring, serial_shops,
          nicolae_shop_competitors_out_of_business, shop, shop,
          minmay_misc_feat_four_crosses
D:2:      layout_basic
D:3:      layout_loops_cross, serial_shops, nicolae_shop_just_a_little_nook,
          uniq_grinder

Skill      XL: |  1  2  3 |
---------------+----------+-----
Ranged Weapons | 6 7 |  7.8
Fighting       | |  1.5
Dodging        | |  2.4
Stealth        | |  1.2

Action                     |  1- 3 |  4- 6 || total
---------------------------+-------+-------++-------
   Fire: Shortbow          |    84 |    14 ||    98
    Use: Scroll            |     8 |     1 ||     9
         Potion            |     1 |     1 ||     2
 Armour: Leather armour    |     1 |       ||     1
         Ring mail         |     4 |    24 ||    28
  Dodge: Dodged            |     9 |    21 ||    30

Table legend:
 A = Non-vault XP
 B = Vault XP
 C = Vault XP percentage of total XP
 D = Non-vault monster count
 E = Vault monster count
 F = Vault count percentage of total count
                 A         B        C        D         E       F
            +---------+---------+-------+---------+---------+-------
      Total |     131 |       0 |   0.0 |      46 |       0 |   0.0
            +---------+---------+-------+---------+---------+-------
        D:1 |      52 |       0 |   0.0 |      22 |       0 |   0.0
        D:2 |      28 |       0 |   0.0 |      15 |       0 |   0.0
        D:3 |      51 |       0 |   0.0 |       9 |       0 |   0.0
            +---------+---------+-------+---------+---------+-------
